 Dungeon Crawl Stone Soup version 0.28-a0-1312-g71652a0310 (webtiles) character file.

Game seed: 5706187455545547378

35 gimp the Cudgeller (level 3, 0/28 HPs)
             Began as a Demigod Wanderer on Dec 27, 2021.
             Succumbed to an adder's poison
             ... on level 1 of the Dungeon.
             The game lasted 00:01:45 (1020 turns).

gimp the Cudgeller (Demigod Wanderer)               Turns: 1020, Time: 00:01:45

Health: 0/28       AC:  3    Str: 20    XL:     3   Next: 2%
Magic:  6/6        EV: 11    Int: 13    God:
Gold:   31         SH:  4    Dex: 11    Spells: 4/4 levels left

rFire   . . .      SeeInvis .   a - +2 mace
rCold   . . .      Faith    .   c - +0 buckler
rNeg    . . .      Spirit   .   d - +0 leather armour
rPois   .          Reflect  .   (no helmet)
rElec   .          Harm     .   (no cloak)
rCorr   .          Rampage  .   (no gloves)
Will    .....                   (no boots)
Stlth   +.........              (no amulet)
HPRegen 0.09/turn               (no ring)
MPRegen 0.10/turn               (no ring)

@: lethally poisoned (0 -> -5), flying
A: high mp 1, forlorn, divine attributes
a: no special abilities


You were on level 1 of the Dungeon.
You visited 1 branch of the dungeon, and saw 2 of its levels.

You collected 31 gold pieces.

Inventory:

Hand Weapons
 a - a +2 mace (weapon)
Armour
 c - a +0 buckler (worn)
 d - a +0 leather armour (worn)
Jewellery
 f - a ring of fire
Scrolls
 e - 2 scrolls of torment {unknown}
 h - a scroll of identify {unknown}
Potions
 b - a potion of attraction


   Skills:
 + Level 1.1 Fighting
 * Level 4.2 Maces & Flails
 - Level 1.0 Armour
 - Level 1.7 Dodging
 - Level 2.0 Shields
 - Level 1.0 Spellcasting


You had 4 spell levels left.
You didn't know any spells.
Your spell library was empty.

Dungeon Overview and Level Annotations

Branches:
Dungeon (2/15)


Innate Abilities, Weirdness & Mutations

You have an increased reservoir of magic. (+10% MP)
You shall have no god before yourself.
Your divine heritage dramatically boosts your attributes as you level up.


Message History

You feel sick. The adder barely misses you.
You take 2 damage, and have 18/28 hp.
You barely miss the adder.
The adder is heavily wounded.
You feel sick. The adder bites you. The adder closely misses you.
You take 3 damage, and have 15/28 hp.
You barely miss the adder.
The adder is heavily wounded.
You feel sick. The adder barely misses you. x2
You take 2 damage, and have 13/28 hp.
You are too injured to fight recklessly!
You hit the adder.
The adder is severely wounded.
You feel sick. The adder bites you.
You are more poisoned.
The adder poisons you!
You take 2 damage, and have 11/28 hp.
You miss the adder.
The adder is severely wounded.
You feel sick. The adder bites you.
* * * LOW HITPOINT WARNING * * *
You are more poisoned.
The adder poisons you! The adder barely misses you.
You take 6 damage, and have 5/28 hp.
MASSIVE DAMAGE!!
You barely miss the adder.
The adder is severely wounded.
* * * LOW HITPOINT WARNING * * *
You feel sick. The adder closely misses you.
The adder bites you but does no damage.
You take 2 damage, and have 3/28 hp.
It was a potion of flight.
You feel very buoyant.
You fly up into the air.
* * * LOW HITPOINT WARNING * * *
You feel sick. The adder closely misses you.
You take 2 damage, and have 1/28 hp.
Okay, then.
You barely miss the adder.
The adder is severely wounded.
You die...

........#..####...## #.###
...........####...# #.#
#...##..........### ##.#
................#####..###
.........#####...........#
.........#####...#.......#
.........##..............#
.........#...............########
................@........).##...#
................S................
.........[.......................
.................................
.........................[.......
......................#..........
.....##.###..........###...##...#
.##.......................#######
.###.#...........###..#####


You could see an adder.

Vanquished Creatures
  4 ball pythons (D:1)
  7 endoplasms (D:1)
  5 hobgoblins (D:1)
  2 quokkas (D:1)
  4 bats (D:1)
  A frilled lizard (D:1)
  3 kobolds (D:1)
  6 rats (D:1)
32 creatures vanquished.

Notes
Turn   | Place    | Note
-------+----------+-------------------------------------------
     0 | D:1      | gimp the Demigod Wanderer began the quest for the Orb.
     0 | D:1      | gimp set off with the following items: a +2 mace, a potion
                  | of attraction, a +0 buckler, a +0 leather armour
     0 | D:1      | Reached XP level 1. HP: 14/14 MP: 4/4
   202 | D:1      | Reached XP level 2. HP: 21/22 MP: 5/5
   244 | D:1      | Reached skill level 4 in Maces & Flails
   450 | D:1      | Reached skill level 1 in Fighting
   664 | D:1      | Reached XP level 3. HP: 7/28 MP: 6/6
  1019 | D:1      | HP: 1/28 [poisoned by an adder]
  1020 | D:1      | Succumbed to an adder's poison

Illustrated notes

Levels and vault maps discovered:
D:1:      psy_arrival_basics, layout_rooms, hangedman_decor_growths
D:2:      layout_loops_ring, shapermc_ecumenical_altar_mp_ritualfount

Skill      XL: |  1  2 |
---------------+-------+-----
Maces & Flails | 4 |  4.2
Shields        | 2 |  2.0
Fighting       | 1 |  1.1
Armour         | |  1.0
Dodging        | |  1.7
Spellcasting   | |  1.0

Action                   || total
-------------------------++-------
Melee: Mace              ||    84
  Use: Potion            ||     1
 Stab: Sleeping          ||     1
Armor: Leather armour    ||    20
Dodge: Dodged            ||    54
Block: Buckler           ||     9

Table legend: (Time is in decaauts)
 A = Elapsed time spent in this place.
 B = Non-inter-level travel time spent in this place.
 C = Inter-level travel time spent in this place.
 D = Time resting spent in this place.
 E = Time spent auto-exploring this place.
 F = Levels seen in this place.
 G = Mean time per level.
                   A        B        C        D        E       F      G
               +--------+--------+--------+--------+--------+-----+--------+
         Total |   1039 |   1021 |     18 |      0 |    800 |   2 |  519.5 |
       Dungeon |   1039 |   1021 |     18 |      0 |    800 |   2 |  519.5 |
               +--------+--------+--------+--------+--------+-----+--------+

Top non-repeatable levels by time:
     D:1: 1036 daAuts
     D:2: 2 daAuts
